 Dungeon Sprint DCSS version 0.21-a0-51-gea492e9 (webtiles) character file.

18 Kidiri the Ruffian (level 2, 0/31 HPs)
             Began as a Troll Monk on June 12, 2017.
             Was a Priest of Wu Jian.
             Slain by a slave (6 damage)
             ... led by Pikel
             ... in the Dungeon (Sprint VII: "The Pits").
             The game lasted 00:03:11 (122 turns).

Kidiri the Ruffian (Troll Monk)                      Turns: 122, Time: 00:03:12

Health: 0/31       AC:  5    Str: 18    XL:     2   Next: 51%
Magic:  1/1        EV: 11    Int:  6    God:    Wu Jian [***...]
Gold:   0          SH:  0    Dex: 12    Spells: 1/1 levels left

rFire    . . .     SeeInvis .     - Unarmed
rCold    . . .     Gourm    +   (no shield)
rNeg     . . .     Faith    .   a - +0 robe
rPois    .         Spirit   .   (helmet restricted)
rElec    .         Reflect  .   (no cloak)
rCorr    .         Harm     .   (gloves unavailable)
MR       .....     NoTele   +   (boots unavailable)
Stlth    ++........             (no amulet)
Regen    0.5/turn               (no ring)
MPRegen  0.1/turn               (no ring)

@: berserk cooldown, slowed, very slow
A: unfitting armour, claws 3, fast metabolism 3, gourmand, regeneration 1,
shaggy fur 1, tough skin 2
a: Renounce Religion


You were in the Dungeon.
You worshipped Wu Jian.
Wu Jian was most pleased with you.
You were not hungry.

You visited 1 branch

Inventory:

Armour
 a - a +0 robe (worn)
Scrolls
 h - a scroll of blinking
 j - 3 scrolls of remove curse
 k - 5 scrolls of amnesia
 l - a scroll of summoning
Potions
 c - a potion of curing
 e - a potion of haste
 f - 4 potions of magic
 g - 2 potions of berserk rage
 i - 2 potions of invisibility
Comestibles
 b - 9 bread rations
 m - 40 fruits
 n - 7 meat rations
 o - 2 chunks of flesh


   Skills:
 * Level 3.2 Fighting
 + Level 1.2 Armour
 * Level 3.1 Dodging
 * Level 1.8 Stealth
 * Level 3.6 Unarmed Combat


You had one spell level left.
You didn't know any spells.

Dungeon Overview and Level Annotations

Branches:
Dungeon (1/1)

Altars:
Ashenzari
Cheibriados
Dithmenos
Elyvilon
Fedhas
Gozag
Hepliaklqana
Kikubaaqudgha
Makhleb
Nemelex Xobeh
Okawaru
Qazlal
Ru
Sif Muna
Trog
Uskayaw
Vehumet
Wu Jian
Xom
Yredelemnul
Zin
The Shining One
Beogh
Jiyva
Lugonu

Annotations:
D Pikel


Innate Abilities, Weirdness & Mutations

You are too large for most types of armour.
You have claws for hands.
Your metabolism is lightning-fast.
You like to eat raw meat.
Your natural rate of healing is unusually fast.
You are covered in fur. (AC +1)
You have very tough skin. (AC +2)


Message History

You spin and attack the slave.
You claw the slave!
The slave is almost dead.
There is an open door here.
You feel your anger subside.
You lunge at the slave.
You closely miss the slave.
The slave is almost dead.
The slave closely misses you.
There is an open door here.
You attack the slave from above.
You closely miss the slave.
You repeatedly attack the slave from above.
You claw the slave!
The slave is almost dead.
You claw the slave!
You kill the slave!
That felt strangely unrewarding.
You attack Pikel from above.
You claw Pikel!
Pikel is heavily wounded.
You are no longer berserk.
You are exhausted.
You feel yourself slow down. The slave hits you.
You die...

##########+##...........
#.?(.+)))+.##......#..#.
##########.##...........
#...........'...........
#+#####'#####......#..#.
#.÷...##...........
#####'#####+#####++
#[p§Kp##.......#
#.§@§.##.......#
###§####.......#
#.....##...<...#
........##.......#
#........##.......#
###########.......#
#########


You could see Pikel and 2 slaves.

Vanquished Creatures
  2 slaves (D)
  A gnoll (D)
  2 leopard geckos (D)
  A quokka (D)
  2 bats (D)
  A leopard gecko zombie (D)
  A rat (D)
10 creatures vanquished.

Notes
Turn   | Place    | Note
-------+----------+-------------------------------------------
     0 | D        | Kidiri the Troll Monk began the quest for the Orb.
     0 | D        | Reached XP level 1. HP: 22/22 MP: 0/0
    48 | D        | Found a bloodstained altar of Trog.
    48 | D        | Found a deep blue altar of Sif Muna.
    48 | D        | Found a viscous altar of Jiyva.
    48 | D        | Found a hazy altar of Hepliaklqana.
    48 | D        | Found an opulent altar of Gozag.
    49 | D        | Found a glowing golden altar of the Shining One.
    49 | D        | Found a glowing silver altar of Zin.
    49 | D        | Found a basalt altar of Yredelemnul.
    49 | D        | Found a shimmering altar of Xom.
    49 | D        | Found an ornate altar of the Wu Jian Council.
    49 | D        | Found a sacrificial altar of Ru.
    49 | D        | Found a stormy altar of Qazlal.
    49 | D        | Found an iron altar of Okawaru.
    49 | D        | Found a sparkling altar of Nemelex Xobeh.
    49 | D        | Found a burning altar of Makhleb.
    49 | D        | Found a blossoming altar of Fedhas.
    49 | D        | Found a white marble altar of Elyvilon.
    49 | D        | Found a shadowy altar of Dithmenos.
    49 | D        | Found a snail-covered altar of Cheibriados.
    51 | D        | Found a radiant altar of Vehumet.
    51 | D        | Found a corrupted altar of Lugonu.
    51 | D        | Found a roughly hewn altar of Beogh.
    52 | D        | Found a hide-covered altar of Uskayaw.
    52 | D        | Found an ancient bone altar of Kikubaaqudgha.
    52 | D        | Found a shattered altar of Ashenzari.
    58 | D        | Became a worshipper of the Wu Jian Council
    58 | D        | Reached * piety under Wu Jian
    58 | D        | Reached ** piety under Wu Jian
    92 | D        | Reached skill level 1 in Armour
    92 | D        | Reached XP level 2. HP: 31/31 MP: 1/1
    93 | D        | Reached *** piety under Wu Jian
    98 | D        | Noticed Pikel
    98 | D        | Noticed a slave
    98 | D        | Noticed a slave
    98 | D        | Noticed a slave
    98 | D        | Noticed a slave
   110 | D        | Killed a slave
   122 | D        | Killed a slave
   122 | D        | Slain by a slave

Vault maps used:
D:        pitsprint

Skill      XL: |  1 |
---------------+----+-----
Fighting       | 3 |  3.2
Armour         | 1 |  1.2
Dodging        | 3 |  3.1
Stealth        | |  1.8
Unarmed Combat | |  3.6

Action                   || total
-------------------------++-------
Melee: Unarmed           ||    50
       Punch             ||     1
  Use: Potion            ||     2
 Stab: Sleeping          ||     2
Armor: Robe              ||     8
Dodge: Dodged            ||    22
